 Dungeon Crawl Stone Soup version 0.32-a0-656-g3542139ebd (webtiles) character file.

Game seed: 3495743403844605837

14 ytrimaz the Digger (level 2, 0/20 HPs)
             Began as a Demigod Earth Elementalist on Mar 8, 2024.
             Slain by a ball python (2 damage)
             ... on level 1 of the Dungeon.
             The game lasted 00:00:29 (370 turns).

ytrimaz the Digger (Demigod Earth Elementalist)      Turns: 370, Time: 00:00:30

Health: 0/20       AC:  2    Str:  9    XL:     2   Next: 15%
Magic:  0/7        EV: 12    Int: 17    God:
Gold:   2          SH:  0    Dex: 14    Spells: 4/5 levels left

rFire   . . .        (no weapon)
rCold   . . .        (no shield)
rNeg    . . .        a - +0 robe
rPois   .            (no helmet)
rElec   .            (no cloak)
rCorr   .            (no gloves)
SInv    .            (no boots)
Will    .....        (no amulet)
Stlth   ++           (no ring)
HPRegen 0.23/turn    (no ring)
MPRegen 0.10/turn

%: no passive effects
@: very slightly contaminated
A: high MP 1, forlorn, divine attributes
a: no special abilities


You were on level 1 of the Dungeon.
You visited 1 branch of the dungeon, and saw 1 of its levels.

You collected 2 gold pieces.


Innate Abilities, Weirdness & Mutations

You have an increased reservoir of magic. (+10% MP)
You shall have no god before yourself.
Your divine heritage dramatically boosts your attributes as you level up.


   Skills:
 - Level 1.7 Dodging
 - Level 1.7 Stealth
 + Level 2.1 Spellcasting
 + Level 1.3 Conjurations
 + Level 2.9 Earth Magic


You had 4 spell levels left.
You knew the following spells:

 Your Spells              Type           Power      Damage    Failure   Level
a - Sandblast             Erth           22%        2d7       5%          1

Your spell library contained the following spells:

 Spells                   Type           Power      Damage    Failure   Level
 Passwall                 Erth           11%        N/A       17%         3
 Stone Arrow              Conj/Erth      18%        3d8       24%         3
 Brom's Barrelling Bould  Conj/Erth      9%         2d3       61%         4
 Petrify                  Alch/Erth      6%         N/A       71%         4

Inventory:

Armour
 a - a +0 robe (worn)
Scrolls
 c - a scroll of enchant weapon {unknown}
Potions
 b - a potion of magic
 d - a potion of ambrosia {unknown}

Dungeon Overview and Level Annotations

Branches:
Dungeon (1/15) Zot: 5619

.................#.....#
............####.#.#.###
############# #.#.#.# #
#...#.# ## #.###.# .#
#.# #.# .# #.# #.# .#
#.# #.# ##
#######@###.###
.......S......#
#######.#####..# #..$.#
#†##.....# #$# ..#..#
... #.# .# ###. .# $. ..


You could see a ball python.


Message History

A ball python comes into view. 😕 HP[+4] MP[+2]
You regained 4 hp, and now have 17/20 hp.
You regained 2 mp, and now have 2/7 mp.
Unknown command.
A ball python is nearby!
A ball python is nearby!
A ball python is nearby!
You can't see any susceptible monsters within range! (Use Z to cast anyway.)
You can't see any susceptible monsters within range! (Use Z to cast anyway.)
A hobgoblin comes into view. 😕 HP[+1]
The blast of sand misses the ball python.
The ball python hisses angrily.
The hobgoblin shouts! 😕 MP[-1]
You lost 1 mp, and now have 1/7 mp.
Unknown command.
The blast of sand misses the ball python.
The ball python barely misses you. The ball python grabs you.
The ball python constricts you. The ball python bites you.
The ball python constricts you. 😮 HP[-3] MP[-1]
You take 3 damage, and now have 15/20 hp.
You lost 1 mp, and now have 0/7 mp.
You hit the ball python. The ball python barely misses you.
The ball python constricts you. 😕 HP[+1] Unknown command.
You hit the ball python but do no damage.
The ball python bites you.
The ball python constricts you. 😮 HP[-4]
You take 4 damage, and now have 12/20 hp.
You escape the ball python's grasp.
The hobgoblin attacks as it pursues you!
The hobgoblin hits you but does no damage.
You hit the hobgoblin but do no damage. 😮 MP[+1]
You hit the hobgoblin. The hobgoblin hits you.
* * * LOW HITPOINT WARNING * * *
😨 HP[-2]
You take 2 damage, and now have 10/20 hp.
Unknown command.
Aiming: Sandblast (safe; 6% risk of failure)
Press: ? - help, Q - select action Shift-Dir - straight line, f/p - ball python
Aim: a ball python (moderately wounded, 80% to hit)
The blast of sand hits the hobgoblin.
You kill the hobgoblin!
The ball python closely misses you. x2 😮 HP[+1] MP[-1]
You lost 1 mp, and now have 0/7 mp.
You hit the ball python but do no damage.
The ball python bites you.
* * * LOW HITPOINT WARNING * * *
The ball python barely misses you. 😨 HP[-2]
You take 2 damage, and now have 9/20 hp.
You barely miss the ball python. The ball python bites you.
* * * LOW HITPOINT WARNING * * *
The ball python barely misses you. 😨 HP[-1]
You take 1 damage, and now have 8/20 hp.
You hit the ball python but do no damage.
The ball python barely misses you. The ball python grabs you.
The ball python constricts you.
* * * LOW HITPOINT WARNING * * *
The ball python bites you.
* * * LOW HITPOINT WARNING * * *
The ball python constricts you.
* * * LOW HITPOINT WARNING * * *
😱 HP[-5]
You take 5 damage, and now have 3/20 hp.
MASSIVE DAMAGE!! (PAUSE)
You hit the ball python but do no damage.
The ball python bites you.
* * * LOW HITPOINT WARNING * * *
The ball python constricts you.
* * * LOW HITPOINT WARNING * * *
😱 HP[-2]
You take 2 damage, and now have 1/20 hp.
You escape the ball python's grasp.
Unknown command.
Unknown command.
Unknown command.
The ball python attacks as it pursues you!
The ball python bites you but does no damage.
The ball python barely misses you.
Unknown command. 😱 HP[+1] MP[+1] Unknown command.
Aiming: Sandblast (safe; 5% risk of failure)
Press: ? - help, Q - select action Shift-Dir - straight line, f/p - ball python
Aim: a ball python (80% to hit)
You miscast Sandblast.
You are very lightly contaminated with residual magic.
Nothing appears to happen.
The ball python bites you but does no damage.
The ball python closely misses you. The ball python bites you.
You die...

Skill      XL: |  1 |
---------------+----+-----
Conjurations   | 1 |  1.3
Spellcasting   | 2 |  2.1
Dodging        | |  1.7
Stealth        | |  1.7
Earth Magic    | |  2.9

Action                     || total
---------------------------++-------
  Melee: Unarmed           ||    15
   Cast: Sandblast         ||    19
 Armour: Robe              ||    26
  Dodge: Dodged            ||    18

Levels and vault maps discovered:
D:1:      dpeg_arrival_fog, layout_basic, st_stairs_5, nicolae_hexahallways,
          serial_bayou_pond_a, minmay_tromino_mix6

Notes
Turn   | Place    | Note
-------+----------+-------------------------------------------
     0 | D:1      | ytrimaz the Demigod Earth Elementalist began the quest for
                  | the Orb.
     0 | D:1      | Reached XP level 1. HP: 14/14 MP: 5/5
     0 | D:1      | magus.rc [v1.9.6]
    98 | D:1      | Reached skill level 1 in Conjurations
   234 | D:1      | Reached skill level 2 in Spellcasting
   327 | D:1      | Reached XP level 2. HP: 20/20 MP: 1/7
   364 | D:1      | HP: 5/20 [ball python (2)]
   365 | D:1      | HP: 2/20 [ball python (1)]
   370 | D:1      | Slain by a ball python

Vanquished Creatures
  A dart slug (D:1)
  A ball python (D:1)
  2 bats (D:1)
  A giant cockroach (D:1)
  A goblin (D:1)
  A hobgoblin (D:1)
  A quokka (D:1)
  2 kobolds (D:1)
  A rat (D:1)
11 creatures vanquished.

Table legend:
 A = Non-vault XP
 B = Vault XP
 C = Vault XP percentage of total XP
 D = Non-vault monster count
 E = Vault monster count
 F = Vault count percentage of total count
                 A         B        C        D         E       F
            +---------+---------+-------+---------+---------+-------
      Total |      16 |       4 |  20.0 |       9 |       2 |  18.2
            +---------+---------+-------+---------+---------+-------
        D:1 |      16 |       4 |  20.0 |       9 |       2 |  18.2
            +---------+---------+-------+---------+---------+-------

Skill      XL: |  1 |
---------------+----+-----
Conjurations   | 1 |  1.3
Spellcasting   | 2 |  2.1
Dodging        | |  1.7
Stealth        | |  1.7
Earth Magic    | |  2.9

Action                     || total
---------------------------++-------
  Melee: Unarmed           ||    15
   Cast: Sandblast         ||    19
 Armour: Robe              ||    26
  Dodge: Dodged            ||    18

Illustrated notes

Table legend:
 A = Kills in this place as a percentage of kills in the entire game.
 B = Kills by you in this place as a percentage of kills by you in the entire game.
 C = Kills by friends in this place as a percentage of kills by friends in the entire game.
 D = Other kills in this place as a percentage of other kills in the entire game.
 E = Experience gained in this place as a percentage of experience gained in the entire game.
 F = Experience gained in this place divided by the number of levels of this place that you have seen.
                   A       B       C       D       E      F
               +-------+-------+-------+-------+-------+----------------------
         Total | 100.0 | 100.0 |   N/A |   N/A | 100.0 |  20.0
       Dungeon | 100.0 | 100.0 |   N/A |   N/A | 100.0 |  20.0
               +-------+-------+-------+-------+-------+----------------------

Table legend: (Time is in decaauts)
 A = Elapsed time spent in this place.
 B = Non-inter-level travel time spent in this place.
 C = Inter-level travel time spent in this place.
 D = Time resting spent in this place.
 E = Time spent auto-exploring this place.
 F = Levels seen in this place.
 G = Mean time per level.
                   A        B        C        D        E       F      G
               +--------+--------+--------+--------+--------+-----+--------+
         Total |    379 |    379 |      0 |      0 |    310 |   1 |  379.0 |
       Dungeon |    379 |    379 |      0 |      0 |    310 |   1 |  379.0 |
               +--------+--------+--------+--------+--------+-----+--------+

Top non-repeatable levels by time:
     D:1: 379 daAuts
